 Dungeon Crawl Stone Soup version 0.17.0-28-g6e173f8 (webtiles) character file.

16631 4thArraOfDagon the Severer (level 12, -2/86 HPs)
             Began as a Minotaur Berserker on Nov 22, 2015.
             Was an Elder of Trog.
             Killed from afar by an ice dragon (28 damage)
             ... with a blast of cold
             ... in an ice cave.
             The game lasted 00:22:35 (3131 turns).

4thArraOfDagon the Severer (Minotaur Berserker)     Turns: 3131, Time: 00:22:36

Health: -2/86      AC: 17    Str: 23    XL:     12   Next: 11%
Magic:  18/18      EV:  9    Int:  8    God:    Trog [****..]
Gold:   1098       SH:  0    Dex:  8    Spells: 0 memorised, 11 levels left

rFire  . . .     SeeInvis .     w - +0 war axe
rCold  . . .     Clarity  +     v - +4 chain mail
rNeg   . . .     SustAt   .     (no shield)
rPois  +         Gourm    .     (helmet unavailable)
rElec  .         Spirit   .     i - +0 cloak
rCorr  .         Warding  .     (no gloves)
rMut   .         Stasis   .     (no boots)
MR     .....                    (no amulet)
Stlth  ..........               (no ring)
                                z - -2 ring of dexterity (curse)

@: invisible, not resistant to hostile enchantments, extremely unstealthy
A: retaliatory headbutt, horns 3, blink, clarity, frail 1, poison resistance,
screaming 1, spit poison 1
a: Spit Poison, Blink, Berserk, Trog's Hand, Brothers in Arms, Burn Spellbooks,
Renounce Religion


You were in an ice cave.
You worshipped Trog.
Trog was greatly pleased with you.
You were hungry.

You visited 2 branches of the dungeon, and saw 17 of its levels.
You also visited: Ice Cave.

You collected 1118 gold pieces.
You spent 20 gold pieces at shops.

Inventory:

Hand Weapons
 u - a +0 blowgun
 w - a +0 war axe (weapon)
Missiles
 r - 5 curare-tipped needles
 y - a throwing net (quivered)
 B - 5 exploding tomahawks
Armour
 f - a troll hide
 i - a +0 cloak (worn)
 v - a +4 chain mail (worn)
 A - a +0 chain mail of positive energy
Jewellery
 g - an uncursed ring of ice
 j - an uncursed ring of teleportation
 z - a cursed -2 ring of dexterity (left hand)
Wands
 h - a wand of lightning (4)
 l - a wand of teleportation (7)
 m - a wand of random effects (24)
Scrolls
 b - a scroll of enchant armour
 t - 2 scrolls of teleportation
 x - a scroll of identify
Potions
 d - a potion of might
 q - a potion of heal wounds
 s - 2 potions of ambrosia
Miscellaneous
 e - a lantern of shadows
 k - a sack of spiders {used: 4}
 p - a lamp of fire
Comestibles
 c - a bread ration
 n - 5 fruits


   Skills:
 - Level 6.0 Fighting
 * Level 15.4 Axes
 + Level 11.4 Armour
 - Level 2.1 Dodging
 - Level 10.0 Evocations


You had 11 spell levels left.
You didn't know any spells.

Dungeon Overview and Level Annotations

Branches:
Dungeon (15/15)               Orc (2/4) D:10
 Temple: D:4-7         Lair: D:8-11      Vaults: D:13-14     Depths: D:15

Altars:
Xom

Shops:
D:5 *   D:10 (

Portals:
Trove: D:13 (give +6 demon blade)

Annotations:
IceCv exclusion: 2 ice statues


Innate Abilities, Weirdness & Mutations

You reflexively headbutt those who attack you in melee.
You have a pair of large horns on your head.
You can translocate small distances at will.
You possess an exceptional clarity of mind.
You are frail (-10% HP).
Your system is resistant to poisons.
You occasionally shout uncontrollably at your foes.
You can spit weak poison.


Message History

Okay, then.
Unknown command.
Read which item? (? for menu, Esc to quit)
Okay, then.
Drink which item? (? for menu, Esc to quit)
Okay, then.
Read which item? (? for menu, Esc to quit)
Okay, then.
Drink which item? (? for menu, Esc to quit)
You feel much better. The ice dragon barely misses you.
The ice dragon misses you.
The ice dragon tramples you but does no damage.
The ice dragon breathes frost at you. The blast of cold hits you!
Unknown command.
Drink which item? (? for menu, Esc to quit)
You fade into invisibility!
The ice dragon breathes frost at you. The blast of cold hits you!
You die...

#...##
##..#
###.###
#..##
##.#..#
##..#
#..##.##
##.##
#...#..#
#.#.#
##.#...##
##.##
#..#####
#..#
#...#
##.##
#D@##
#..# #D##
#.## #..#
#..##
#..D.
#.#.#
##....$
##.##
.....$#
#.##
.....$#
##.#
#...=$#
#..##
..="##
#...##


You could see 2 ice dragons.

Vanquished Creatures
  A centaur warrior (D:15)
  The ghost of AAAAA the Thaumaturge, a journeyman HEWz of Vehumet (D:10)
  Sonja (D:12)
  2 unseen horrors
  2 hill giants
  3 ugly things (D:13)
  A necromancer (D:14)
  A cyclops (D:13)
  A manticore (D:14)
  A guardian serpent (D:14)
  A gargoyle (D:13)
  2 centaur skeletons (D:13)
  4 trolls
  A two-headed ogre (D:14)
  11 yaks
  A shadow (D:15)
  A trapdoor spider (D:10)
  2 hungry ghosts
  A basilisk (shapeshifter) (D:13)
  4 vampire mosquitoes (D:13)
  23 ice beasts
  A sky beast (D:14)
  9 orc warriors
  A wasp (D:11)
  2 ogres
  A black bear (D:10)
  6 centaurs
  A big kobold (D:13)
  7 giant frogs
  2 wyvern skeletons
  A water moccasin skeleton (D:10)
  A jelly (D:9)
  3 hounds
  5 orc wizards
  2 giant frog skeletons
  A gnoll shaman (D:5)
  5 orc priests
  2 sheep (D:13)
  An iguana (D:10)
  4 worker ants
  A worker ant zombie (D:11)
  4 gnolls (D:5)
  An adder (D:3)
  A shadow imp (D:11)
  An ooze (D:7)
  An adder skeleton (D:5)
  A giant gecko (D:5)
  66 orcs
  3 goblins
  A hobgoblin (D:2)
  6 jackals (D:5)
  4 quokkas
  A ball python (D:3)
  5 kobolds
216 creatures vanquished.

Vanquished Creatures (collateral kills)
  A hill giant (D:14)
  A cyclops (D:14)
  A deep elf fighter (D:14)
  2 vampire mosquitoes (D:12)
5 creatures vanquished.

Grand Total: 221 creatures vanquished

Notes
Turn   | Place    | Note
--------------------------------------------------------------
     0 | D:1      | 4thArraOfDagon the Minotaur Berserker began the quest for the Orb.
     0 | D:1      | Reached XP level 1. HP: 19/19 MP: 0/0
   111 | D:3      | Reached skill level 4 in Fighting
   111 | D:3      | Reached XP level 2. HP: 20/27 MP: 1/1
   114 | D:3      | Noticed a hound
   128 | D:3      | Killed a hound
   128 | D:3      | Reached XP level 3. HP: 12/33 MP: 2/2
   257 | D:5      | Entered Level 5 of the Dungeon
   257 | D:5      | Noticed a centaur
   258 | D:5      | Noticed an ogre
   272 | D:5      | Reached skill level 5 in Axes
   272 | D:5      | Reached XP level 4. HP: 11/41 MP: 3/3
   280 | D:5      | Killed an ogre
   280 | D:5      | Reached XP level 5. HP: 6/47 MP: 4/4
   280 | D:5      | Reached skill level 5 in Fighting
   281 | D:5      | Killed a centaur
   281 | D:5      | Reached skill level 6 in Axes
   281 | D:5      | Reached XP level 6. HP: 5/56 MP: 5/5
   354 | D:5      | Found Ziexzis's General Store.
   364 | D:5      | Reached ** piety under Trog
   366 | D:5      | Bought a scroll of identify for 20 gold pieces
   468 | D:6      | Reached skill level 7 in Axes
   580 | D:7      | Reached XP level 7. HP: 62/62 MP: 6/6
   634 | D:9      | Reached skill level 5 in Armour
   762 | D:10     | Entered Level 10 of the Dungeon
   785 | D:10     | Noticed a troll
   809 | D:10     | Reached skill level 8 in Axes
   809 | D:10     | Reached skill level 1 in Evocations
   815 | D:10     | Killed a troll
   815 | D:10     | Reached XP level 8. HP: 70/70 MP: 6/8
   854 | D:10     | Noticed AAAAA's ghost (journeyman HEWz)
   907 | D:10     | Killed AAAAA's ghost
   907 | D:10     | Reached skill level 9 in Axes
   960 | D:10     | Noticed a gargoyle
   964 | D:10     | You fall through a shaft!
  1037 | D:11     | Reached skill level 10 in Axes
  1056 | D:11     | Reached XP level 9. HP: 65/75 MP: 11/11
  1057 | D:11     | Noticed a troll
  1070 | D:11     | Killed a troll
  1070 | D:11     | Reached skill level 5 in Evocations
  1204 | D:13     | Reached skill level 11 in Axes
  1312 | D:13     | Noticed a hill giant
  1320 | D:13     | Killed a hill giant
  1320 | D:13     | Reached XP level 10. HP: 55/83 MP: 12/14
  1326 | D:13     | Reached skill level 12 in Axes
  1333 | D:13     | Gained mutation: You are frail (-10% HP). [mutagenic meat]
  1344 | D:13     | Noticed a purple ugly thing
  1409 | D:14     | Noticed a cyclops
  1416 | D:14     | HP: 2/74 [cyclops/large rock (26)]
  1418 | D:14     | Noticed a red ugly thing
  1421 | D:14     | Found a shimmering altar of Xom.
  1421 | D:14     | Found a shimmering altar of Xom.
  1421 | D:14     | Found a shimmering altar of Xom.
  1421 | D:14     | Found a shimmering altar of Xom.
  1421 | D:14     | Found a shimmering altar of Xom.
  1421 | D:14     | Found a shimmering altar of Xom.
  1446 | D:14     | Noticed a hill giant
  1446 | D:14     | Noticed a necromancer
  1462 | D:14     | Killed a hill giant
  1468 | D:14     | Killed a necromancer
  1473 | D:14     | Killed a cyclops
  1513 | D:13     | Noticed a gargoyle
  1558 | D:15     | Entered Level 15 of the Dungeon
  1558 | D:15     | Noticed a centaur warrior
  1568 | D:15     | Killed a centaur warrior
  1595 | D:15     | Noticed a hill giant
  1673 | D:13     | Noticed a centaur skeleton
  1686 | D:13     | Killed a centaur skeleton
  1686 | D:13     | Reached skill level 13 in Axes
  1710 | D:13     | Noticed a centaur skeleton
  1719 | D:13     | Killed a centaur skeleton
  1750 | D:13     | Reached XP level 11. HP: 49/80 MP: 13/16
  1752 | D:13     | Reached *** piety under Trog
  1828 | D:13     | Noticed a red ugly thing
  1839 | D:13     | Killed an unseen horror
  1841 | D:13     | Killed a purple ugly thing
  1846 | D:13     | Killed a purple ugly thing
  1858 | D:13     | Gained mutation: You possess an exceptional clarity of mind. [mutagenic meat]
  1859 | D:13     | Gained mutation: Your muscles are strong. (Str +2) [mutagenic meat]
  1860 | D:13     | Gained mutation: You can translocate small distances at will. [mutagenic meat]
  1861 | D:13     | Gained mutation: You have a pair of large horns on your head. [mutagenic meat]
  1862 | D:13     | Lost mutation: You possess an exceptional clarity of mind. [mutagenic meat]
  1877 | D:13     | Noticed a cyclops
  1934 | D:14     | Noticed a hill giant
  1936 | D:14     | Noticed a manticore
  1942 | D:14     | Killed a hill giant
  1947 | D:14     | Killed a manticore
  1981 | D:14     | Noticed a guardian serpent
  1987 | D:14     | Killed a guardian serpent
  1987 | D:14     | Reached skill level 10 in Armour
  1995 | D:14     | Gained mutation: You occasionally shout uncontrollably at your foes. [mutagenic meat]
  1996 | D:14     | Gained mutation: You possess an exceptional clarity of mind. [mutagenic meat]
  1997 | D:14     | Gained mutation: You can spit weak poison. [mutagenic meat]
  1998 | D:14     | Lost mutation: Your muscles are strong. (Str +2) [mutagenic meat]
  1999 | D:14     | Gained mutation: Your system is resistant to poisons. [mutagenic meat]
  2024 | D:14     | Noticed a red ugly thing
  2026 | D:14     | Noticed a red ugly thing
  2104 | D:13     | Found a portal to a secret trove of treasure.
  2129 | D:13     | Noticed a hill giant
  2130 | D:13     | Noticed an eight-headed hydra
  2261 | D:10     | Noticed a trapdoor spider
  2271 | D:10     | Killed a trapdoor spider
  2324 | D:10     | You fall through a shaft for 3 floors!
  2384 | D:13     | Killed a gargoyle
  2386 | D:13     | Killed a cyclops
  2386 | D:13     | Reached skill level 14 in Axes
  2479 | D:12     | Killed an unseen horror
  2479 | D:12     | Reached skill level 10 in Evocations
  2525 | D:12     | Noticed Sonja
  2539 | D:12     | Killed Sonja
  2682 | D:10     | Found Welaisul's Weapon Shop.
  2687 | D:10     | Found a staircase to the Orcish Mines.
  2739 | Orc:1    | Entered Level 1 of the Orcish Mines
  2805 | Orc:2    | Received a gift from Trog
  2845 | Orc:2    | Found a frozen archway.
  2857 | Orc:2    | Reached **** piety under Trog
  2866 | Orc:2    | Reached skill level 15 in Axes
  2916 | IceCv    | Entered an ice cave
  2922 | IceCv    | Reached XP level 12. HP: 70/86 MP: 18/18
  3121 | IceCv    | Noticed an ice dragon
  3123 | IceCv    | Noticed an ice dragon
  3131 | IceCv    | Killed from afar by an ice dragon

Action                   |  1- 3 |  4- 6 |  7- 9 | 10-12 || total
-------------------------+-------+-------+-------+-------++-------
Melee: Hand axe          |    33 |    37 |   114 |   134 ||   318
       War axe           |       |       |       |   186 ||   186
Invok: Berserk           |     2 |     4 |    10 |    13 ||    29
       Trog's Hand       |       |     1 |     4 |    17 ||    22
 Abil: Evoke Teleportati |       |       |       |    20 ||    20
Evoke: Wand              |       |       |     2 |       ||     2
       Sack of spiders   |       |       |       |     7 ||     7
       Lamp of fire      |       |       |       |     1 ||     1
  Use: Potion            |     1 |       |     1 |     2 ||     4
       Scroll            |       |     1 |     9 |     6 ||    16
  Eat: Chunk             |       |     4 |    13 |    42 ||    59
       Bread ration      |       |       |     1 |       ||     1
       Fruit             |       |       |     2 |     1 ||     3
